 Dungeon Crawl Stone Soup version 0.18-a0-775-g4d9e04e (webtiles) character file.

1010 4thArraOfDagon the Basher (level 8, 0/87 HPs)
             Began as an Ogre Hunter on Dec 13, 2015.
             Was a Follower of Ashenzari.
             Slain by an orc
             ... wielding a +0 short sword
              (1 damage)
             ... on level 6 of the Dungeon.
             The game lasted 00:10:16 (1882 turns).

4thArraOfDagon the Basher (Ogre Hunter)             Turns: 1882, Time: 00:10:17

Health: 0/87       AC:  3    Str: 18    XL:     8   Next: 21%
Magic:  8/8        EV: 15    Int: 12    God:    Ashenzari [*.....]
Gold:   166        SH:  0    Dex: 15    Spells: 0 memorised, 7 levels left

rFire  . . .     SeeInvis .     t - +0 giant club
rCold  . . .     Clarity  .     b - +0 robe
rNeg   . . .     SustAt   .     (shield currently unavailable)
rPois  .         Gourm    .     (helmet restricted)
rElec  .         Spirit   .     (no cloak)
rCorr  .         Dismiss  .     (gloves unavailable)
rMut   .         Stasis   .     (boots unavailable)
MR     .....                    (no amulet)
Stlth  +++.......               (no ring)
                                (no ring)

@: agile, lethally poisoned (0 -> -8), very slightly contaminated, hasted and
slowed, not resistant to hostile enchantments, fairly stealthy
A: unfitting armour, tough skin 1
a: Scrying, Renounce Religion


You were on level 6 of the Dungeon.
You worshipped Ashenzari.
Ashenzari was aware of your devotion.
You were not hungry.

You visited 1 branch of the dungeon, and saw 7 of its levels.

You collected 166 gold pieces.

Inventory:

Hand Weapons
 t - a +0 giant club (weapon)
Missiles
 i - 21 poisoned needles
Armour
 b - a +0 robe (worn)
Jewellery
 o - an uncursed ring of wizardry
Wands
 z - a wand of teleportation (5)
Scrolls
 g - a scroll of fog
 h - a scroll of remove curse
 n - a scroll of identify {unknown}
 r - a scroll of random uselessness {unknown}
 u - a scroll of noise {unknown}
 x - a scroll of magic mapping {unknown}
 y - 3 scrolls of teleportation {unknown}
 A - a scroll of summoning {unknown}
Potions
 a - a potion of flight {unknown}
 d - a potion of agility
 e - a potion of brilliance {unknown}
 j - 3 potions of haste
 k - a potion of might {unknown}
 m - a potion of cure mutation {unknown}
 s - a potion of ambrosia {unknown}
 w - 2 potions of poison
Comestibles
 f - 2 bread rations
 l - a royal jelly
 p - 4 fruits
 q - a meat ration
 B - a slice of pizza
 C - 3 chunks of flesh


   Skills:
 + Level 7.5 Fighting
 * Level 9.7 Maces & Flails
 - Level 4.0 Throwing
 - Level 1.7 Dodging
 - Level 0.7 Stealth


You had 7 spell levels left.
You didn't know any spells.

Dungeon Overview and Level Annotations

Branches:
Dungeon (7/15)             Temple (0/1) D:4

Altars:
Ashenzari
Fedhas
Okawaru
Trog

Annotations:
D:3 Ijyb
D:5 Eustachio
D:6 ThereIsNoGod's ghost, novice TrFi


Innate Abilities, Weirdness & Mutations

You are too large for most types of armour.
You have tough skin (AC +1).


Message History

The orc wizard casts a spell at you. The magic dart hits you!
* * * LOW HITPOINT WARNING * * *
The orc completely misses you.
The orc wizard points at you and mumbles some strange words.
You feel as though you will be slow longer.
Drink which item? (? for menu, Esc to quit)
It was a potion of haste.
You feel yourself speed up.
The orc wizard casts a spell.
The orc wizard blinks!
The orc barely misses you. The orc barely misses you.
You are very lightly contaminated with residual magic.
Unknown command.
Drink which item? (? for menu, Esc to quit)
It was a potion of poison.
That liquid tasted very nasty...
You are lethally poisoned!
* * * LOW HITPOINT WARNING * * *
You feel sick. The orc wizard closely misses you.
The orc hits you with a short sword.
You die...

..# #.....# #..#.#
#.####.###.. ###
#.....####..#.# #.####.###..
.#
###'###.(...#.###.........).
)#
#.....##..................
.#
#########............#####
## ###)###.####### # #.(.#
#.###...# # #o### #.....#.#
# #@# #.###...# # #o# #.#
##.## # #o# #.# #.# # #o#
#.# #.# # #.# #.# #.# # #.#
#.# #.# # ..# #.# #.# # #.#
### #.# #.# # #.# #.# #.#


You could see an orc priest, an orc wizard and 2 orcs.

Vanquished Creatures
  A hippogriff (D:6)
  A water moccasin (D:6)
  An ice beast (D:5)
  An orc warrior (D:6)
  2 ogres
  2 centaurs
  2 orc priests
  A hound (D:5)
  2 centaur skeletons
  A giant frog skeleton (D:4)
  An orc wizard (D:6)
  A worker ant zombie (D:6)
  A gnoll (D:5)
  2 adders
  A shadow imp (D:5)
  5 giant geckos
  4 orcs
  A giant cockroach (D:4)
  A goblin (D:2)
  A hobgoblin (D:3)
  A kobold (D:2)
  2 quokkas
  A giant gecko skeleton (D:4)
  5 giant newts
  A jackal skeleton (D:4)
  3 quokka skeletons
  A rat (D:2)
46 creatures vanquished.

Notes
Turn   | Place    | Note
--------------------------------------------------------------
     0 | D:1      | 4thArraOfDagon the Ogre Hunter began the quest for the Orb.
     0 | D:1      | Reached XP level 1. HP: 22/22 MP: 1/1
    26 | D:1      | You fall through a shaft!
    31 | D:2      | Found a shattered altar of Ashenzari.
    53 | D:2      | Became a worshipper of Ashenzari the Shackled
   232 | D:3      | Reached skill level 1 in Maces & Flails
   232 | D:3      | Reached XP level 2. HP: 25/31 MP: 2/2
   241 | D:3      | Noticed Ijyb
   291 | D:4      | Found a blossoming altar of Fedhas.
   291 | D:4      | Found a bloodstained altar of Trog.
   502 | D:4      | Reached XP level 3. HP: 37/39 MP: 3/3
   598 | D:4      | Found a staircase to the Ecumenical Temple.
   605 | D:4      | Reached XP level 4. HP: 36/48 MP: 4/4
   692 | D:5      | Entered Level 5 of the Dungeon
   834 | D:5      | THX
   851 | D:6      | Noticed an ogre
   853 | D:6      | Killed an ogre
   853 | D:6      | Reached skill level 5 in Maces & Flails
   853 | D:6      | Reached XP level 5. HP: 52/55 MP: 5/5
   869 | D:6      | Noticed a water moccasin
   873 | D:6      | Killed a water moccasin
   873 | D:6      | Reached skill level 5 in Fighting
   873 | D:6      | Reached skill level 6 in Maces & Flails
   873 | D:6      | Reached XP level 6. HP: 63/66 MP: 6/6
   886 | D:6      | Noticed ThereIsNoGod's ghost (novice TrFi)
  1012 | D:6      | Noticed Eustachio
  1033 | D:5      | Reached skill level 7 in Maces & Flails
  1033 | D:5      | Reached XP level 7. HP: 32/75 MP: 7/7
  1124 | D:6      | Reached * piety under Ashenzari
  1231 | D:7      | Noticed a hippogriff
  1237 | D:6      | Killed a hippogriff
  1237 | D:6      | Reached skill level 8 in Maces & Flails
  1388 | D:5      | Found an iron altar of Okawaru.
  1736 | D:6      | Reached skill level 9 in Maces & Flails
  1767 | D:6      | Reached XP level 8. HP: 55/87 MP: 8/8
  1880 | D:6      | HP: 3/87 [orc wizard/magic dart (6)]
  1882 | D:6      | HP: 1/87 [poison (a potion of poison)]
  1882 | D:6      | Slain by an orc

Vault maps used:
D:1:      matt_arrival_los_fun, minivault_14
D:2:      first_bread, ashenzari_altar_1, uniq_sigmund
D:3:      grunt_pakellas_basics, uniq_iyjb
D:4:      gammafunk_temple_overflow_elements, minmay_temple_entry_glass
D:5:      basic_altar, fedhas_bush_and_centaur_altar
D:6:      kennysheep_minor_cross, uniq_prince_ribbit1, uniq_eustachio
D:7:      minmay_lizard_king

Action                   |  1- 3 |  4- 6 |  7- 9 || total
-------------------------+-------+-------+-------++-------
Melee: Short sword       |    16 |       |       ||    16
       Club              |    24 |     2 |       ||    26
       Mace              |       |    14 |       ||    14
       Giant club        |       |     6 |    52 ||    58
Throw: Throwing net      |     3 |     4 |     4 ||    11
       Large rock        |    22 |     9 |     4 ||    35
  Use: Scroll            |       |     1 |     1 ||     2
       Potion            |       |       |     3 ||     3
 Stab: Sleeping          |     1 |       |       ||     1
       Held in net/web   |       |       |     1 ||     1
  Eat: Chunk             |       |       |     3 ||     3
